 Dungeon Crawl Stone Soup version 0.29-a0-275-g389c0b56f3 (webtiles) character file.

Game seed: 1117902458460536941

0 EiAlmux the Conjurer (level 1, -3/10 HPs)
             Began as a Tengu Conjurer on Mar 12, 2022.
             Slain by a hobgoblin (4 damage)
             ... on level 1 of the Dungeon.
             The game lasted 00:00:26 (57 turns).

EiAlmux the Conjurer (Tengu Conjurer)                 Turns: 57, Time: 00:00:26

Health: -3/10      AC:  2    Str:  7    XL:     1   Next: 10%
Magic:  1/4        EV: 12    Int: 18    God:
Gold:   7          SH:  0    Dex: 12    Spells: 3/4 levels left

rFire   . . .      SeeInvis .   (no weapon)
rCold   . . .      Faith    .   (no shield)
rNeg    . . .      Spirit   .   a - +0 robe
rPois   .          Reflect  .   (helmet restricted)
rElec   .          Harm     .   (no cloak)
rCorr   .          Rampage  .   (no gloves)
Will    .....                   (boots unavailable)
Stlth   ++........              (no amulet)
HPRegen 0.03/turn               (no ring)
MPRegen 0.09/turn               (no ring)

@: no status effects
A: beak, talons 3
a: no special abilities


You were on level 1 of the Dungeon.
You visited 1 branch of the dungeon, and saw 1 of its levels.

You collected 7 gold pieces.

Inventory:

Armour
 a - a +0 robe (worn)
Potions
 b - a potion of magic


   Skills:
 * Level 0.1 Fighting
 - Level 2.1 Dodging
 - Level 2.0 Stealth
 + Level 2.0 Spellcasting
 + Level 5.3 Conjurations


You had 3 spell levels left.
You knew the following spells:

 Your Spells              Type           Power      Damage    Failure   Level
a - Magic Dart            Conj           80%        1d7       1%          1

Your spell library contained the following spells:

 Spells                   Type           Power      Damage    Failure   Level
 Searing Ray              Conj           40%        2d5       3%          2
 Dazzling Flash           Conj/Hex       22%        N/A       19%         3
 Fulminant Prism          Conj/Hex       5%         3d7       52%         4
 Iskenderun's Mystic Bla  Conj/Tloc      11%        2d4       52%         4


Dungeon Overview and Level Annotations

Branches:
Dungeon (1/15)

Altars:


Innate Abilities, Weirdness & Mutations

You have a beak for a mouth.
You have claws for feet.


Message History

Are you destined to find the sublime Orb of Zot, or to die trying?
Press ? for a list of commands and other information.
Found a whip.
Found two stairs.
You open the door.
There is an open door here.
A rat comes into view.
You see here 7 gold pieces.
The magic dart hits the rat.
You kill the rat!
Magic restored.
You now have 7 gold pieces.
You open the door.
There is an open door here.
You open the door.
A rat and a hobgoblin come into view.
The hobgoblin shouts!
The magic dart hits the hobgoblin but does no damage.
The magic dart hits the hobgoblin.
The hobgoblin is severely wounded.
The hobgoblin completely misses you.
The magic dart hits the hobgoblin but does no damage.
The hobgoblin is severely wounded.
The hobgoblin hits you.
The magic dart hits the hobgoblin.
The hobgoblin is almost dead.
The rat bites you but does no damage. The hobgoblin barely misses you.
You are too depleted to draw on your mana recklessly!
You hit the hobgoblin but do no damage. Your peck misses the hobgoblin.
The hobgoblin is almost dead.
The hobgoblin hits you.
Ouch! That really hurt!
* * * LOW HITPOINT WARNING * * *
The rat barely misses you.
You enter the shallow water.
Moving in this stuff is going to be slow.
The hobgoblin attacks as you move away! The hobgoblin misses you.
There is an open door here.
Found an escape hatch in the floor.
The hobgoblin attacks as you move away! The hobgoblin hits you.
You die...

.........#.#≈≈.>.♣#
##.###..#.#≈≈≈.).#####.#
##...#.≈≈≈..'.....#
##..#.≈P≈.P#..#...
#..'<≈P≈≈.#.....
#..#.≈PP≈≈# ....#
#r.#.≈≈PP≈# .....
#g.#..≈PP≈# ....
#@.#..≈≈≈≈# #..#
#.......#...≈≈≈#
#.......#♣...≈≈#
+.......# ...≈≈#
######..# #>.# #..# #...


You could see a hobgoblin and a rat.

Vanquished Creatures
  A rat (D:1)
1 creature vanquished.

Notes
Turn   | Place    | Note
-------+----------+-------------------------------------------
     0 | D:1      | EiAlmux the Tengu Conjurer began the quest for the Orb.
     0 | D:1      | Reached XP level 1. HP: 10/10 MP: 4/4
    57 | D:1      | Slain by a hobgoblin

Illustrated notes

Levels and vault maps discovered:
D:1:      tarquinn_simple_flora_water_c, layout_loops_cross,
          serial_bayou_pond_b, kennysheep_another_room, st_stairs_9

Action                   || total
-------------------------++-------
Melee: Unarmed           ||     1
 Cast: Magic Dart        ||     5
Armor: Robe              ||     1
Dodge: Dodged            ||     4

Table legend: (Time is in decaauts)
 A = Elapsed time spent in this place.
 B = Non-inter-level travel time spent in this place.
 C = Inter-level travel time spent in this place.
 D = Time resting spent in this place.
 E = Time spent auto-exploring this place.
 F = Levels seen in this place.
 G = Mean time per level.
                   A        B        C        D        E       F      G
               +--------+--------+--------+--------+--------+-----+--------+
         Total |     58 |     58 |      0 |      0 |     38 |   1 |   58.0 |
       Dungeon |     58 |     58 |      0 |      0 |     38 |   1 |   58.0 |
               +--------+--------+--------+--------+--------+-----+--------+

Top non-repeatable levels by time:
     D:1: 58 daAuts
